 Dungeon Crawl Stone Soup version 0.31-a0-496-g6f97920a28 (webtiles) character file.

Game seed: 9774354835509274141

5348 avis the Spry (level 10, -26/49 HPs)
             Began as a Felid Shapeshifter on Aug 7, 2023.
             Was an Initiate of Gozag.
             Annihilated by a catoblepas (34 damage)
             ... on level 1 of the Lair of Beasts on Aug 9, 2023.
             The game lasted 01:37:20 (16451 turns).

avis the Spry (Felid Shapeshifter)                 Turns: 16451, Time: 01:37:20

Health: -26/49     AC:  2    Str: 11    XL:     10   Next: 38%
Magic:  11/11      EV: 32    Int: 10    God:    Gozag
Gold:   1461       SH:  0    Dex: 21    Spells: 9/9 levels left
                                        Lives:  0   Deaths: 2

rFire   . .          .
                       - Unarmed
rCold   . . .        (shield unavailable)
rNeg    . . .        (body armour unavailable)
rPois   .            (helmet unavailable)
rElec   .            (cloak unavailable)
rCorr   .            (gloves unavailable)
SInv    +            (boots unavailable)
Will    ++...        (no amulet)
Stlth   ++++         A - ring of willpower
HPRegen 0.28/turn    (no ring)
MPRegen 0.12/turn

%: no passive effects
@: beast-form, quick
A: beast (slay +2), very small, claws 1, fangs 3, see invisible, speed 1, shaggy
fur 2, stealthy paws, no weapons or thrown items, no armour, multi-lived
a: Begin Untransformation, Renounce Religion, Potion Petition, Call Merchant,
Bribe Branch


You were on level 1 of the Lair of Beasts.
You worshipped Gozag.
Gozag was most pleased with you.
You were a hulking beast.
You visited 3 branches of the dungeon, and saw 13 of its levels.

You collected 2311 gold pieces.
You spent 469 gold pieces at shops.
You paid 381 gold pieces to Gozag.

Inventory:

Jewellery
 u - an amulet of faith
 A - a ring of willpower (left paw)
Talismans
 a - a beast talisman (active)
 b - a beast talisman (active)
Wands
 n - a wand of paralysis (10)
 t - a wand of acid (3)
Scrolls
 d - 3 scrolls of revelation
 f - 3 scrolls of amnesia
 i - 5 scrolls of poison
 m - 5 scrolls of teleportation
 p - 2 scrolls of blinking
 r - 3 scrolls of enchant weapon {unknown}
 s - 2 scrolls of acquirement {unknown}
 v - 4 scrolls of immolation {unknown}
 y - a scroll of fog
 B - a scroll of fear
 C - a scroll of brand weapon
Potions
 e - a potion of haste {unknown}
 h - a potion of brilliance
 j - 4 potions of curing
 k - 3 potions of magic
 o - a potion of ambrosia
 q - a potion of enlightenment
 w - a potion of resistance
 D - a potion of attraction
Miscellaneous
 c - a phial of floods
 z - a lightning rod (4/4)


   Skills:
 + Level 8.4 Fighting
 + Level 16.6 Dodging
 - Level 9.0 Stealth
 * Level 11.5 Unarmed Combat
 - Level 3.2 Shapeshifting


You had 9 spell levels left.
You didn't know any spells.
Your spell library contained the following spells:

 Spells                   Type           Power      Damage    Failure   Level
 Apportation              Tloc           0%         N/A       36%         1
 Shock                    Conj/Air       0%         1d3       36%         1
 Sting                    Tmut/Pois      0%         1d3       36%         1
 Ensorcelled Hibernation  Hex/Ice        0%         N/A       50%         2
 Passwall                 Tmut/Erth      0%         N/A       50%         2
 Poisonous Vapours        Pois/Air       0%         N/A       50%         2
 Swiftness                Air            0%         N/A       75%         3
 Airstrike                Air            0%         2d(0-16)  98%         4
 Olgreb's Toxic Radiance  Pois           0%         N/A       98%         4
 Alistair's Intoxication  Tmut/Pois      0%         N/A       100%        5
 Metabolic Englaciation   Hex/Ice        0%         N/A       100%        5
 Enfeeble                 Hex            0%         N/A       100%        7
 Ignition                 Fire           0%         3d3       100%        8


Dungeon Overview and Level Annotations

Branches:
Dungeon (11/15)            Temple (1/1) D:4            Lair (1/5) D:11
    Orc (0/2) D:10

Altars:
Ashenzari
Cheibriados
Dithmenos
Elyvilon
Fedhas
Gozag
Hepliaklqana
Kikubaaqudgha
Makhleb
Nemelex Xobeh
Okawaru
Qazlal
Ru
Sif Muna
Trog
Uskayaw
Vehumet
Wu Jian
Xom
Yredelemnul
Zin
The Shining One

Shops:
D:3 [   D:5 *   D:8 (   D:9 ?

Annotations:
D:4 Dittersdorf's ghost, novice GrFi
D:6 2 transporters, 1 runed translucent door, exclusion: door, CraigForest's ghost, novice DgSh; Edmund
D:8 exclusion: electric eel, Maggie


Innate Abilities, Weirdness & Mutations

You are a hulking beast.
Your limbs bulge with bestial killing power. (Slay +2)
You have sharp claws.
You have razor-sharp teeth.
You have supernaturally acute eyesight. (SInv)
You cover ground quickly. (Speed+)
You are covered in thick fur. (AC +2)
Your paws help you pounce on unaware monsters.
You are incapable of wielding weapons or throwing items.
You cannot wear armour.
You gain extra lives every three experience levels.


Message History

The catoblepas breathes a plume of calcifying dust at you.
The blast of calcifying dust hits you. The yak completely misses you.
The catoblepas breathes a plume of calcifying dust at you.
The blast of calcifying dust hits the yak.
The blast of calcifying dust hits you.
The yak is engulfed in calcifying dust.
The yak is moving more slowly.
The yak completely misses you.
The yak is engulfed in calcifying dust.
The yak stops moving altogether!
The catoblepas smashes its foot into the ground.
The catoblepas breathes a plume of calcifying dust at you.
The blast of calcifying dust hits you.
You claw the catoblepas!
You claw the catoblepas, but do no damage.
The catoblepas is lightly wounded.
The catoblepas barely misses you.
The yak is engulfed in calcifying dust.
You scratch the catoblepas but do no damage.
The catoblepas is lightly wounded.
The catoblepas breathes a plume of calcifying dust at you.
The blast of calcifying dust hits you.
The yak is engulfed in calcifying dust.
The catoblepas breathes a plume of calcifying dust at you.
The blast of calcifying dust hits you!
The yak is engulfed in calcifying dust.
The catoblepas barely misses you.
The yak is engulfed in calcifying dust.
You scratch the catoblepas. You bite the catoblepas.
The catoblepas is lightly wounded.
You claw the catoblepas! x2
The catoblepas is heavily wounded.
The catoblepas completely misses you.
You scratch the catoblepas but do no damage.
You claw the catoblepas, but do no damage.
The catoblepas is heavily wounded.
The catoblepas gores you.
* * * LOW HITPOINT WARNING * * *
You scratch the catoblepas.
The catoblepas is heavily wounded.
The catoblepas breathes a plume of calcifying dust at you.
The blast of calcifying dust hits you.
* * * LOW HITPOINT WARNING * * *
The catoblepas gores you!!
Ouch! That really hurt!
You die...
Your body crumbles into a pile of gold.

⌠.Y.....# #.......# #......
..Y.##Y.# ##.......####...P##
.Y#.##$## #....#.###.##...##
.####$D# #..............###
.....#.# #..............##P
.......#########....###.##.......
.⌠...#..............# #####......
....................## #......
(.....######....h....# #......
###### ##§§§§§YY.## # ##..###.
#.....§...##P#.#...# ##
##.....§..........##
#..§.######.##...# #.§..# ##...#
..§... #...# ..§.... #....
.§..... #...#


You could see a catoblepas and a yak (petrified).

Vanquished Creatures
  5 two-headed ogres
  A black mamba (Lair:1)
  Psyche (D:8)
  2 gargoyles
  2 komodo dragons
  2 unseen horrors
  2 kobold demonologists (D:11)
  A troll (D:11)
  Grinder (D:3)
  A hornet (D:11)
  2 raiju
  3 wyverns
  8 yaks
  2 basilisks (D:11)
  Duvessa (D:6)
  4 water moccasins
  3 ice beasts
  6 orc warriors
  An ogre (D:7)
  3 black bears (D:11)
  2 sky beasts (D:6)
  4 centaurs
  2 wolves (D:11)
  2 phantoms
  Blork the orc (D:5)
  5 kobold brigands
  5 bullfrogs
  A gnoll sergeant (D:10)
  8 scorpions
  22 wights
  Dowan (D:6)
  18 killer bees
  6 howler monkeys
  5 electric eels (D:9)
  2 hounds
  4 jellies
  14 orc priests
  A gnoll bouda (D:9)
  3 iron imps (D:9)
  A sleepcap (D:5)
  Jessica (D:2)
  6 iguanas
  17 orc wizards
  5 gnolls
  18 adders
  A shadow imp (D:8)
  2 white imps (D:6)
  3 ufetubi
  2 worms
  A dart slug (D:3)
  57 orcs
  4 ball pythons
  A bat (D:3)
  3 endoplasms
  5 giant cockroaches
  6 goblins
  6 hobgoblins
  2 jackals (D:1)
  13 kobolds
  5 quokkas
  4 frilled lizards
  4 rats
324 creatures vanquished.

Vanquished Creatures (others)
  An orc wizard (D:9)
  2 gnolls (D:9)
3 creatures vanquished.

Grand Total: 327 creatures vanquished

Notes
Turn   | Place    | Note
-------+----------+-------------------------------------------
     0 | D:1      | avis the Felid Shapeshifter began the quest for the Orb.
     0 | D:1      | Reached XP level 1. HP: 9/9 MP: 2/2
   103 | D:1      | Reached skill level 3 in Dodging
   211 | D:1      | Reached XP level 2. HP: 8/12 MP: 3/3
   684 | D:2      | Reached XP level 3. HP: 15/15 MP: 4/4
   694 | D:2      | Reached skill level 4 in Dodging
   925 | D:2      | Noticed Jessica
   933 | D:2      | Killed Jessica
   934 | D:2      | Reached XP level 4. HP: 10/19 MP: 5/5
  1266 | D:3      | Noticed Grinder
  1540 | D:3      | Reached skill level 5 in Dodging
  1584 | D:3      | Found a broken altar of Ashenzari.
  1972 | D:3      | Reached XP level 5. HP: 15/23 MP: 6/6
  2279 | D:3      | Found a faded altar of an unknown god.
  2467 | D:3      | Found Woczy's Antique Armour Boutique.
  2605 | D:4      | Identified the +1 long sword "Mopudeo" {vamp, Drain Fly rF+
                  | Str+6}
  2768 | D:4      | Reached skill level 6 in Dodging
  2768 | D:4      | Reached skill level 1 in Stealth
  2857 | D:4      | Found a transporter.
  2857 | D:4      | Noticed an ogre
  2857 | D:4      | Noticed an ogre
  2857 | D:4      | Noticed Dittersdorf's ghost (novice GrFi)
  2859 | D:4      | Found a transporter.
  2860 | D:4      | Identified the +2 great mace "Qiuradar" {freeze, Contam
                  | Fragile Str+9 Dex+3}
  2860 | D:4      | Noticed an ogre
  2952 | D:4      | Gained mutation: You are covered in thick fur. (AC +2)
                  | [Felid growth]
  2952 | D:4      | Reached XP level 6. HP: 18/28 MP: 7/7
  3151 | D:4      | Reached skill level 7 in Dodging
  3211 | D:4      | Found a staircase to the Ecumenical Temple.
  3222 | Temple   | Entered the Ecumenical Temple
  3300 | Temple   | Became a worshipper of Gozag Ym Sagoz the Greedy
  3545 | D:4      | Reached XP level 7. HP: 27/31 MP: 8/8
  3785 | D:5      | Entered Level 5 of the Dungeon
  3799 | D:5      | Noticed Blork the orc
  3810 | D:5      | Killed Blork the orc
  3811 | D:5      | Reached skill level 8 in Dodging
  4168 | D:5      | Reached skill level 5 in Stealth
  4185 | D:5      | Reached skill level 9 in Dodging
  4218 | D:5      | Got the Atlas of Burning Guile
  4424 | D:5      | Reached XP level 8. HP: 36/36 MP: 9/9
  4640 | D:5      | Found a radiant altar of Vehumet.
  4640 | D:5      | Found a sparkling altar of Nemelex Xobeh.
  4646 | D:5      | Found Kuecsi's Assorted Antiques.
  5073 | D:6      | Reached skill level 10 in Dodging
  5073 | D:6      | Reached skill level 5 in Unarmed Combat
  5096 | D:6      | Found a shadowy altar of Dithmenos.
  5109 | D:6      | Found a transporter.
  5115 | D:6      | Noticed CraigForest's ghost (novice DgSh)
  5213 | D:6      | Noticed Duvessa
  5218 | D:6      | Noticed Dowan
  5259 | D:6      | Killed Duvessa
  5266 | D:6      | Killed Dowan
  5267 | D:6      | Reached skill level 5 in Fighting
  5366 | D:6      | Noticed Edmund
  5709 | D:6      | Reached skill level 11 in Dodging
  5753 | D:6      | Reached XP level 9. HP: 40/40 MP: 10/10
  6492 | D:6      | Reached skill level 12 in Dodging
  6551 | D:6      | Found a transporter.
  6918 | D:6      | Found a runed translucent door.
  7079 | D:5      | Bought 2 scrolls labelled VAQULE JARAICH for 56 gold pieces
  7079 | D:5      | Bought a scroll labelled WENWAPLISEESM for 28 gold pieces
  7079 | D:5      | Bought a scroll of identify for 56 gold pieces
  7912 | D:6      | Reached skill level 13 in Dodging
  8908 | D:7      | Reached XP level 10. HP: 31/42 MP: 11/11
  9032 | D:8      | Found Owineyre's Weapon Emporium.
  9429 | D:8      | Noticed Psyche
  9468 | D:8      | Noticed Maggie
  9758 | D:8      | Reached skill level 14 in Dodging
 10266 | D:8      | Killed Psyche
 10605 | D:3      | Paralysed by Grinder for 3 turns
 10617 | D:3      | Killed Grinder
 11300 | D:9      | HP: 2/45 [electric eel/bolt of electricity (12)]
 12184 | D:9      | Reached skill level 15 in Dodging
 12539 | D:9      | Found Negitewi's Magic Scroll Emporium.
 12581 | D:9      | Bought a scroll of poison for 56 gold pieces
 12581 | D:9      | Bought a scroll of noise for 14 gold pieces
 12581 | D:9      | Bought a scroll of revelation for 105 gold pieces
 12581 | D:9      | Bought a scroll of teleportation for 42 gold pieces
 12581 | D:9      | Bought a scroll of amnesia for 56 gold pieces
 12581 | D:9      | Bought a scroll of identify for 28 gold pieces
 12581 | D:9      | Bought a scroll of identify for 28 gold pieces
 12637 | D:9      | Found a burning altar of Makhleb.
 12799 | D:9      | Noticed a two-headed ogre
 12811 | D:9      | HP: 2/45 [two-headed ogre/+0 giant club (24)]
 12989 | D:9      | Killed a two-headed ogre
 13107 | D:9      | Reached XP level 11. HP: 48/49 MP: 12/12
 13711 | D:9      | Upgraded the game from 0.31-a0-486-g8d68a81214 to
                  | 0.31-a0-496-g6f97920a28
 13768 | D:10     | Entered Level 10 of the Dungeon
 13769 | D:10     | Identified the +1 pair of boots of Transparent Awe {Int+2}
 13777 | D:10     | Noticed a two-headed ogre
 13786 | D:9      | Killed a two-headed ogre
 14131 | D:10     | Noticed a two-headed ogre
 14137 | D:10     | Killed a two-headed ogre
 14648 | D:10     | Found a staircase to the Orcish Mines.
 14754 | D:10     | Reached skill level 10 in Unarmed Combat
 15168 | D:11     | Found a staircase to the Lair.
 15203 | D:11     | Reached skill level 16 in Dodging
 15514 | D:11     | Noticed a two-headed ogre
 15528 | D:11     | Noticed a two-headed ogre
 15545 | D:11     | Mangled by a two-headed ogre
 15546 | D:11     | Reached XP level 10. HP: -7/48 MP: 11/11
 15563 | D:11     | Killed a two-headed ogre
 15753 | D:11     | Killed a two-headed ogre
 15754 | D:11     | Reached XP level 11. HP: 49/51 MP: 12/12
 16132 | Lair:1   | Entered Level 1 of the Lair of Beasts
 16265 | Lair:1   | Noticed a six-headed hydra
 16307 | Lair:1   | Slain by a black mamba
 16308 | Lair:1   | Reached XP level 10. HP: -5/48 MP: 11/11
 16321 | Lair:1   | Killed a black mamba
 16429 | Lair:1   | Noticed a catoblepas
 16451 | Lair:1   | Annihilated by a catoblepas

Illustrated notes

Levels and vault maps discovered:
D:1:      nzn_arrival_depleted_hourglass, layout_basic
D:2:      layout_basic, grunt_ministairs_6, uniq_jessica
D:3:      layout_basic, evilmike_ruin_ashenzari,
          hellmonk_ecumenical_altar_pennies_from_heaven, serial_shops, shop,
          uniq_grinder
D:4:      minmay_octagon_keep, layout_loops_ring, temple_green,
          gammafunk_ghost_smash
D:5:      layout_basic, chequers_temple_overflow_statue_of_worship,
          serial_bayou, serial_bayou_pond_b, serial_bayou_shore_b,
          serial_bayou_pond_d, serial_bayou_pond_b, serial_shops, shop,
          uniq_blork_the_orc
D:6:      minmay_thinvault, layout_basic, grunt_dithmenos_smoke_and_mirrors,
          gammafunk_ghost_stat_death, uniq_crazy_yiuf_cottage, uniq_duvessa,
          uniq_edmund
D:7:      layout_gridville, nicolae_the_louvre
D:8:      layout_basic, nicolae_stop_n_shop_2, hex_medium, grunt_ministairs_13,
          nicolae_kite_square_tiling_tiny, st_stairs_7, uniq_psyche, uniq_maggie
D:9:      layout_roguey, demons_altar, serial_shops, shop,
          nicolae_have_a_lightning_rod
D:10:     layout_irregular_city, minmay_orc_entry_temple_small
D:11:     lemuel_ice_spiral_2, layout_rooms, minmay_lair_entry_grove,
          chequers_serial_rivers_room_a
Temple:   minmay_temple_bridge_d
Lair:1:   minmay_lair_oklob_tunnel, layout_chaotic_city, grunt_megastairs_3,
          lemuel_fruit_tree

Skill      XL: |  1  2  3  4  5  6  7  8  9 10 11 |
---------------+----------------------------------+-----
Dodging        | 3 4 5 6 7 9 11 13 15 16 | 16.6
Fighting       | 2 3 4 5 6 8 7 |  8.4
Unarmed Combat | 4 5 7 11 10 | 11.5
Stealth        | 1 3 5 6 9 |  9.0
Shapeshifting  | |  3.2

Action                     |  1- 3 |  4- 6 |  7- 9 | 10-12 || total
---------------------------+-------+-------+-------+-------++-------
  Melee: Unarmed           |    61 |   176 |   370 |   578 ||  1185
         Bite              |     6 |    18 |    49 |    87 ||   160
         Punch             |       |     5 |    14 |    44 ||    63
 Invoke: Potion Petition   |       |       |     1 |       ||     1
  Evoke: Phial of floods   |       |       |     2 |       ||     2
         Wand              |       |       |       |    10 ||    10
         Lightning rod     |       |       |       |     1 ||     1
    Use: Scroll            |       |     6 |     1 |     8 ||    15
         Potion            |       |       |     3 |     7 ||    10
   Stab: Sleeping          |     5 |     6 |    13 |    16 ||    40
         Distracted        |       |       |     2 |     5 ||     7
         Paralysed         |       |       |       |     1 ||     1
 Armour: Skin              |       |     5 |    22 |    11 ||    38
  Dodge: Dodged            |    41 |   127 |   300 |   531 ||   999

Table legend: (Time is in decaauts)
 A = Elapsed time spent in this place.
 B = Non-inter-level travel time spent in this place.
 C = Inter-level travel time spent in this place.
 D = Time resting spent in this place.
 E = Time spent auto-exploring this place.
 F = Levels seen in this place.
 G = Mean time per level.
                   A        B        C        D        E       F      G
               +--------+--------+--------+--------+--------+-----+--------+
         Total |  14203 |  12480 |   1723 |   3574 |   4358 |  13 | 1092.5 |
       Dungeon |  13716 |  12112 |   1604 |   3490 |   4263 |  11 | 1246.9 |
        Temple |    230 |    112 |    118 |     84 |      0 |   1 |  230.0 |
          Lair |    257 |    257 |      0 |      0 |     94 |   1 |  257.0 |
               +--------+--------+--------+--------+--------+-----+--------+

Top non-repeatable levels by time:
     D:6: 2400 daAuts
     D:8: 2014 daAuts
     D:9: 1836 daAuts
     D:3: 1224 daAuts
     D:4: 1087 daAuts
     D:5: 1060 daAuts
     D:7: 1020 daAuts
    D:10: 999 daAuts
    D:11: 902 daAuts
     D:2: 585 daAuts
     D:1: 585 daAuts
  Lair:1: 257 daAuts
  Temple: 230 daAuts
